 Dungeon Crawl Stone Soup version 0.25.1-8-g42b30a86e7 (webtiles) character file.

Game seed: 12187232886499294253

54435 zeroc00l the Spear-Bearer (level 14, -4/108 HPs)
             Began as a Merfolk Ice Elementalist on Dec 19, 2020.
             Was an Elder of Sif Muna.
             Slain by a white ugly thing (34 damage)
             ... on level 14 of the Dungeon on Dec 20, 2020.
             The game lasted 02:35:44 (28182 turns).

zeroc00l the Spear-Bearer (MfIE)                   Turns: 28182, Time: 02:35:44

Health: -4/108     AC: 22    Str: 14    XL:     14   Next: 72%
Magic:  29/34      EV: 14    Int: 18    God:    Sif Muna [****..]
Gold:   692        SH:  0    Dex: 14    Spells: 0/28 levels left

rFire    . . .     SeeInvis +   a - +5 glaive (flame)
rCold    . . .     Gourm    .   (shield currently unavailable)
rNeg     . . .     Faith    .   H - +6 scale mail "Mulla" {rPois}
rPois    +         Spirit   .   I - +2 helmet {SInv}
rElec    +         Reflect  .   (no cloak)
rCorr    .         Harm     .   K - +2 pair of gloves
MR       +....                  e - +0 pair of boots of Honesty {rElec Str+4 Slay+3} (curse)
Stlth    +.........             w - amulet of the acrobat
HPRegen  0.28/turn              X - ring of poison resistance
MPRegen  0.24/turn              A - ring of magical power

@: no status effects
A: change form in water, swift swim, stealthy swim
a: Channel Magic, Forget Spell, Divine Exegesis, Renounce Religion


You were on level 14 of the Dungeon.
You worshipped Sif Muna.
Sif Muna was greatly pleased with you.
You were not hungry.

You visited 3 branches of the dungeon, and saw 21 of its levels.
You also visited: Trove and Sewer.

You collected 1232 gold pieces.
You spent 540 gold pieces at shops.

Inventory:

Hand Weapons
 a - a +5 glaive of flaming (weapon)
 c - the +5 hand axe of Resumed Hostilities {elec, rC+ MR+}
   (You found it on level 4 of the Dungeon)

   Occasionally, upon striking a foe, it will discharge some electrical energy
   and cause terrible harm.
   It protects you from cold.
   It affects your resistance to hostile enchantments.
Missiles
 y - 24 boomerangs
 G - 113 poisoned darts (quivered)
 V - 7 curare-tipped darts
Armour
 e - the cursed +0 pair of boots of Honesty (worn) {rElec Str+4 Slay+3}
   (You found it in a treasure trove)

   It affects your strength (+4).
   It affects your accuracy and damage with ranged weapons and melee attacks
   (+3).
   It insulates you from electricity.
   It has a curse placed upon it.
 E - the +1 ring mail "Ujimuine" {Str+3 Int-5 Slay+3}
   (You found it on level 6 of the Lair of Beasts)

   It affects your strength (+3).
   It affects your intelligence (-5).
   It affects your accuracy and damage with ranged weapons and melee attacks
   (+3).
 H - the +6 scale mail "Mulla" (worn) {rPois}
   (You found it on level 4 of the Dungeon)

   It protects you from poison.
 I - a +2 helmet of see invisible (worn)
 K - a +2 pair of gloves (worn)
Magical Staves
 b - an uncursed staff of cold
Jewellery
 f - an uncursed amulet of magic regeneration
 n - an uncursed ring of positive energy
 w - an amulet of the acrobat (around neck)
 A - a ring of magical power (right hand)
 Q - an uncursed ring of ice
 S - an uncursed ring of protection from fire
 X - a ring of poison resistance (left hand)
Wands
 r - a wand of disintegration (8)
 s - a wand of paralysis (11)
 z - a wand of iceblast (25)
 B - a wand of polymorph (13)
 P - a wand of acid (12)
 R - a wand of random effects (31)
Scrolls
 j - a scroll of holy word
 m - 9 scrolls of teleportation
 o - 3 scrolls of fog
 q - 4 scrolls of blinking
 u - 2 scrolls of fear
 M - 4 scrolls of identify
 U - a scroll of summoning
 Y - 5 scrolls of magic mapping
Potions
 h - 5 potions of lignification
 i - 6 potions of heal wounds
 k - 11 potions of curing
 l - 2 potions of cancellation
 x - 3 potions of invisibility
 C - 2 potions of berserk rage
 D - 5 potions of magic
 J - 3 potions of haste
 N - a potion of flight
Comestibles
 d - 9 chunks of flesh
 T - 34 rations


   Skills:
 - Level 9.1 Fighting
 * Level 13.7 Polearms
 - Level 7.6 Armour
 - Level 10.0 Dodging
 - Level 2.2 Stealth
 - Level 7.6 Spellcasting
 - Level 6.0 Conjurations
 - Level 3.0 Charms
 - Level 8.0 Summonings
 - Level 4.0 Translocations
 - Level 10.0 Ice Magic
 - Level 6.0 Air Magic
 - Level 3.0 Poison Magic
 - Level 1.0 Invocations


You couldn't memorise any spells.
You knew the following spells:

 Your Spells              Type           Power        Failure   Level  Hunger
a - Freeze                Ice            ####         1%          1    None
b - Frozen Ramparts       Ice            #####.       1%          3    #......
c - Lightning Bolt        Conj/Air       ####......   63%         5    #####..
d - Summon Ice Beast      Ice/Summ       #####...     9%          4    ###....
e - Mephitic Cloud        Conj/Pois/Air  ###.....     14%         3    #......
f - Summon Lightning Spi  Summ/Air       ####....     21%         4    ###....
g - Blink                 Tloc           N/A          11%         2    None
h - Hailstorm             Conj/Ice       #####...     14%         4    ###....
i - Swiftness             Chrm/Air       ###.....     9%          2    None

Your spell library contained the following spells:

 Spells                   Type           Power        Failure   Level  Hunger
 Summon Small Mammal      Summ           ####         1%          1    None
 Call Imp                 Summ           #####...     1%          2    None
 Magic Dart               Conj           ####         3%          1    None
 Shock                    Conj/Air       ####         3%          1    None
 Searing Ray              Conj           ####..       4%          2    None
 Call Canine Familiar     Summ           #####...     4%          3    #......
 Ensorcelled Hibernation  Hex/Ice        ###...       7%          2    None
 Ozocubu's Armour         Chrm/Ice       ####....     8%          3    #......
 Static Discharge         Conj/Air       ####....     9%          3    #......
 Recall                   Summ/Tloc      N/A          10%         3    #......
 Summon Guardian Golem    Hex/Summ       ###.....     22%         3    #......
 Airstrike                Air            ####......   30%         4    ###....
 Conjure Flame            Conj/Fire      ###.....     32%         3    #......
 Dazzling Flash           Conj/Hex       ###...       32%         3    #......
 Beastly Appendage        Tmut           #.....       36%         1    None
 Corona                   Hex            #......      36%         1    None
 Ice Form                 Ice/Tmut       ###.....     43%         4    ###....
 Iskenderun's Mystic Bla  Conj/Tloc      ###.....     43%         4    ###....
 Slow                     Hex            #.......     50%         2    None
 Sticks to Snakes         Tmut           #.......     50%         2    None
 Spider Form              Tmut/Pois      ##........   52%         3    #......
 Ozocubu's Refrigeration  Ice            #####.....   65%         6    ######.
 Fulminant Prism          Conj/Hex       ###.......   71%         4    ###....
 Confusing Touch          Hex            #.......     73%         3    #......
 Tukima's Dance           Hex            #.......     73%         3    #......
 Animate Dead             Necr           N/A          98%         4    ###....
 Blade Hands              Tmut           #.........   100%        5    #####..
 Borgnjor's Vile Clutch   Necr/Erth      #.........   100%        5    #####..
 Death Channel            Necr           #.........   100%        6    ######.
 Simulacrum               Ice/Necr       ###.......   100%        6    ######.
 Absolute Zero            Ice            #####.....   100%        9    #######
 Fire Storm               Conj/Fire      ###.......   100%        9    #######


Dungeon Overview and Level Annotations

Branches:
Dungeon (14/15)            Temple (1/1) D:6            Lair (6/6) D:10
  Swamp (0/4) Lair:2       Spider (0/4) Lair:4        Slime (0/5) Lair:6
    Orc (0/2) D:11          Sewer (visited)
 Vaults: D:13-14

Altars:
Ashenzari
Cheibriados
Dithmenos
Elyvilon
Fedhas
Gozag
Hepliaklqana
Nemelex Xobeh
Okawaru
Qazlal
Ru
Sif Muna
Vehumet
Wu Jian
Yredelemnul
The Shining One
Jiyva

Shops:
D:14 :

Annotations:
D:13 2 runed translucent doors
D:14 3 runed translucent doors, Ipram's ghost, journeyman DEAE
Lair:4 1 runed translucent door, Fifowuza's ghost, journeyman DrTm


Message History

You closely miss the white ugly thing.
The white ugly thing is almost dead.
The white ugly thing gores you. The white ugly thing freezes you!!
The white ugly thing completely resists.
The wall freezes the white ugly thing but do no damage.
The white ugly thing resists.
The wall freezes the white ugly thing.
You slice the white ugly thing!! You burn the white ugly thing.
You kill the white ugly thing!
Sif Muna accepts your kill.
The frozen ramparts melt away.
Your lightning spire shoots out a bolt of lightning at the white ugly thing!
The bolt of electricity misses the white ugly thing.
The bolt of electricity hits the white ugly thing!
The white ugly thing engulfs you! The white ugly thing freezes you!!
You closely miss the white ugly thing.
The white ugly thing is heavily wounded.
The white ugly thing engulfs you!
* * * LOW HITPOINT WARNING * * *
The white ugly thing freezes you!!
You die...

#..........#
+!.........#
#..........#
#.......>..# #'##
#..## ##.u#
########u###
#########.....8.@..#
........'..........#
#########..........#
#..........#
#.........>#
#..........#
#..........#
#..........#
#....).....#


You could see 2 ugly things and a friendly lightning spire (summoned).

Vanquished Creatures
  Kirke (D:12)
  Snorg (Lair:4)
  Fannar (Lair:1)
  Erolcha (D:9)
  3 hydras
  2 centaur warriors
  3 two-headed ogres
  2 death yaks (Lair:6)
  Sonja (D:13)
  An unseen horror (D:12)
  A cyclops (D:14)
  3 ugly things
  2 manticores
  2 centaur zombies
  Psyche (D:11)
  2 elephants
  6 black mambas
  7 spiny frogs
  A gargoyle (D:13)
  Maggie (D:7)
  A centaur skeleton (D:10)
  4 rime drakes
  2 komodo dragons
  3 meliai (D:13)
  A tyrant leech (Lair:2)
  3 trolls
  8 blink frogs (Lair:1)
  5 hippogriffs
  2 slime creatures (D:13)
  2 hornets
  A shadow (D:12)
  A vampire (D:13)
  4 wraiths
  19 yaks
  A human (D:7)
  6 wyverns
  6 hogs
  A hungry ghost (D:10)
  2 basilisks
  A steam dragon (D:11)
  2 vampire mosquitoes (D:12)
  14 soldier ants
  16 water moccasins
  4 porcupines
  Purgy (Sewer)
  A hornet zombie (D:7)
  3 ice beasts
  5 sky beasts
  2 black bears
  4 orc warriors
  A phantom (D:4)
  6 ogres
  4 wolves (Lair:6)
  A centaur (D:7)
  9 crocodiles
  14 bullfrogs
  A gnoll sergeant (D:10)
  A wyvern zombie (D:14)
  5 scorpions
  A wyvern skeleton (D:7)
  4 killer bees (D:10)
  11 wights
  6 crimson imps
  A bullfrog zombie (D:13)
  2 orc priests
  2 bullfrog skeletons
  3 jellies
  17 orc wizards
  5 hounds
  3 iguanas
  19 worker ants
  2 nameless horrors
  2 hound skeletons
  14 gnolls
  13 adders
  A howler monkey skeleton (D:8)
  A river rat (D:3)
  4 shadow imps
  2 adder zombies
  An adder skeleton (D:7)
  A worm (D:2)
  6 leopard geckos
  41 orcs
  8 giant cockroaches
  3 hobgoblins
  10 jackals
  5 quokkas
  A ball python (D:4)
  8 bats
  4 frilled lizards
  2 goblins (D:1)
  A jackal skeleton (D:5)
  10 kobolds
  2 leopard gecko skeletons
  7 rats
  2 plants (Lair:5)
434 creatures vanquished.

Vanquished Creatures (collateral kills)
  2 entropy weavers
  6 hydras
  Harold (D:9)
  A merfolk avatar (Lair:6)
  A death knight (D:13)
  3 death yaks (Lair:6)
  A queen ant (Lair:6)
  Nergalle (Lair:3)
  A harpy (Lair:6)
  A manticore (Lair:6)
  A slime creature (D:13)
  7 elephants
  A gargoyle (D:10)
  2 spiny frogs
  A rime drake (Lair:6)
  4 komodo dragons
  A polar bear (Lair:5)
  A hornet (Lair:6)
  A wind drake (Lair:6)
  A hippogriff (Lair:1)
  6 yaks
  A hungry ghost (D:11)
  Eustachio (D:6)
  A basilisk (Lair:5)
  2 vampire mosquitoes (D:12)
  3 water moccasins
  2 soldier ants
  A porcupine (Lair:3)
  An orc warrior (D:10)
  2 wolves (Lair:6)
  2 crocodiles (Lair:5)
  3 bullfrogs
  3 wights (D:10)
  2 electric eels (Lair:1)
  2 nameless horrors
  An iguana (D:9)
  3 worker ants (Lair:6)
  2 gnolls (D:10)
  An adder zombie (D:10)
  3 orcs
80 creatures vanquished.

Vanquished Creatures (others)
  3 humans
  9 fungi
  13 plants
25 creatures vanquished.

Grand Total: 539 creatures vanquished

Notes
Turn   | Place    | Note
-------+----------+-------------------------------------------
     0 | D:1      | zeroc00l the Merfolk Ice Elementalist began the quest for
                  | the Orb.
     0 | D:1      | Reached XP level 1. HP: 13/13 MP: 3/3
   258 | D:1      | Reached XP level 2. HP: 19/19 MP: 0/5
   664 | D:1      | Reached XP level 3. HP: 22/24 MP: 6/6
   673 | D:1      | Learned a level 3 spell: Frozen Ramparts
  1150 | D:2      | You fall into a shaft and drop 2 floors!
  1171 | D:4      | Reached skill level 5 in Ice Magic
  1181 | D:4      | Learned a level 3 spell: Ozocubu's Armour
  1267 | D:4      | Got a smoking hand axe
  1268 | D:4      | Identified the +5 hand axe of Resumed Hostilities {elec,
                  | rC+ MR+} (You found it on level 4 of the Dungeon)
  1274 | D:4      | Reached XP level 4. HP: 22/30 MP: 6/8
  1372 | D:4      | Reached XP level 5. HP: 12/35 MP: 5/9
  1636 | D:4      | Noticed an ogre
  1649 | D:4      | Killed an ogre
  1649 | D:4      | Reached skill level 1 in Fighting
  1704 | D:4      | Reached XP level 6. HP: 41/43 MP: 10/10
  1710 | D:4      | Learned a level 4 spell: Summon Ice Beast
  1760 | D:4      | Noticed a phantom
  1807 | D:4      | Killed a phantom
  1807 | D:4      | Reached skill level 1 in Summonings
  2193 | D:3      | Found a glowing drain.
  2211 | Sewer    | Entered a sewer
  2333 | Sewer    | Noticed Purgy
  2340 | Sewer    | Killed Purgy
  2340 | Sewer    | Reached XP level 7. HP: 43/51 MP: 0/11
  3814 | D:4      | Got an ichor-stained scale mail
  3919 | D:4      | Identified the +6 scale mail "Mulla" {rPois} (You found it
                  | on level 4 of the Dungeon)
  4089 | D:5      | Entered Level 5 of the Dungeon
  4153 | D:5      | Found an opulent altar of Gozag.
  4493 | D:5      | Reached XP level 8. HP: 43/60 MP: 12/12
  4833 | D:5      | Reached skill level 5 in Summonings
  5447 | D:6      | Noticed Eustachio
  5465 | D:6      | Killed Eustachio
  5859 | D:6      | Reached skill level 5 in Fighting
  5859 | D:6      | Reached skill level 1 in Charms
  6136 | D:6      | Found a staircase to the Ecumenical Temple.
  6142 | Temple   | Entered the Ecumenical Temple
  6147 | Temple   | Became a worshipper of Sif Muna the Loreminder
  6436 | D:6      | Got a bloodstained robe
  6447 | D:6      | Identified the +2 robe of Time Monsters {+Fly rPois rF+}
                  | (You found it on level 6 of the Dungeon)
  6563 | D:6      | Reached XP level 9. HP: 59/68 MP: 13/13
  6634 | D:6      | Reached skill level 1 in Armour
  6789 | D:6      | Learned a level 3 spell: Mephitic Cloud
  7393 | D:7      | Found a glowing golden altar of the Shining One.
  7394 | D:7      | Noticed Maggie
  7412 | D:7      | Killed Maggie
  7412 | D:7      | Reached skill level 1 in Conjurations
  7412 | D:7      | Reached skill level 1 in Air Magic
  7412 | D:7      | Reached skill level 1 in Poison Magic
  7905 | D:7      | Reached XP level 10. HP: 40/74 MP: 14/14
  7918 | D:7      | Reached * piety under Sif Muna
  9218 | D:9      | Noticed Erolcha
  9234 | D:9      | Killed Erolcha
  9482 | D:9      | Reached ** piety under Sif Muna
 10053 | D:9      | Noticed Harold
 10069 | D:9      | Killed Harold
 10069 | D:9      | Reached skill level 5 in Conjurations
 10381 | D:10     | Entered Level 10 of the Dungeon
 10381 | D:10     | Found a staircase to the Lair.
 10391 | Lair:1   | Entered Level 1 of the Lair of Beasts
 10392 | Lair:1   | Noticed a spiny frog
 10464 | Lair:1   | Killed a spiny frog
 10671 | Lair:1   | Noticed Fannar
 10740 | Lair:1   | Noticed a spiny frog
 10758 | Lair:1   | Killed a spiny frog
 10758 | Lair:1   | Reached skill level 5 in Dodging
 10758 | Lair:1   | Reached XP level 11. HP: 24/79 MP: 9/18
 11078 | Lair:1   | Reached skill level 5 in Armour
 11078 | Lair:1   | Reached skill level 5 in Spellcasting
 11421 | Lair:1   | Killed Fannar
 11795 | Lair:1   | Reached skill level 1 in Polearms
 12388 | Lair:2   | Reached skill level 2 in Polearms
 12553 | Lair:2   | Reached skill level 3 in Polearms
 12622 | Lair:2   | Learned a level 4 spell: Summon Lightning Spire
 12625 | Lair:2   | Learned a level 2 spell: Blink
 12801 | Lair:2   | Reached skill level 5 in Air Magic
 12937 | Lair:2   | Found a staircase to the Swamp.
 12954 | Lair:2   | Reached skill level 1 in Translocations
 13167 | Lair:2   | Reached skill level 4 in Polearms
 14395 | Lair:3   | Reached *** piety under Sif Muna
 14449 | Lair:3   | Reached XP level 12. HP: 88/88 MP: 21/21
 14560 | Lair:3   | Noticed Nergalle
 14576 | Lair:3   | Killed Nergalle
 14576 | Lair:3   | Reached skill level 5 in Polearms
 15747 | Lair:4   | Found a runed translucent door.
 15758 | Lair:4   | Reached skill level 6 in Polearms
 15769 | Lair:4   | Noticed Fifowuza's ghost (journeyman DrTm)
 16152 | Lair:4   | Noticed Snorg
 16164 | Lair:4   | Killed Snorg
 16259 | Lair:4   | Found a hole to the Spider Nest.
 16586 | Lair:5   | Reached skill level 7 in Polearms
 16794 | Lair:5   | Noticed a seven-headed hydra
 17137 | Lair:5   | Noticed an eight-headed hydra
 17149 | Lair:5   | Killed an eight-headed hydra
 17149 | Lair:5   | Reached skill level 8 in Polearms
 17650 | Lair:5   | Noticed a five-headed hydra
 17659 | Lair:5   | Killed a five-headed hydra
 17664 | Lair:5   | Killed a seven-headed hydra
 17762 | Lair:5   | Learned a level 4 spell: Hailstorm
 18141 | Lair:6   | Entered Level 6 of the Lair of Beasts
 18343 | Lair:5   | Reached XP level 13. HP: 83/95 MP: 23/23
 18419 | Lair:6   | Reached **** piety under Sif Muna
 18567 | Lair:6   | Reached skill level 10 in Ice Magic
 19440 | Lair:6   | Noticed an entropy weaver
 19887 | Lair:5   | Reached skill level 10 in Dodging
 20732 | Lair:6   | Noticed an entropy weaver
 20823 | Lair:5   | Killed an entropy weaver
 21577 | Lair:6   | Killed an entropy weaver
 21831 | Lair:6   | Reached skill level 9 in Polearms
 22425 | Lair:6   | Found a staircase to the Slime Pits.
 22425 | Lair:6   | Found a viscous altar of Jiyva.
 22429 | Lair:6   | Got a warped ring mail
 22605 | Lair:5   | Identified the +1 ring mail "Ujimuine" {Str+3 Int-5 Slay+3}
                  | (You found it on level 6 of the Lair of Beasts)
 22829 | Lair:6   | Learned a level 2 spell: Swiftness
 23032 | D:10     | Reached ***** piety under Sif Muna
 23218 | D:9      | Identified Sif Muna's Handbook of Ignition and the
                  | Snowflakes (Sif Muna gifted it to you on level 9 of the
                  | Dungeon)
 23218 | D:9      | Received a gift from Sif Muna
 23224 | D:9      | Reached XP level 14. HP: 93/106 MP: 24/24
 24129 | D:11     | Reached skill level 10 in Polearms
 24135 | D:11     | Noticed Psyche
 24151 | D:11     | Killed Psyche
 24299 | D:11     | Found a staircase to the Orcish Mines.
 24956 | D:12     | Noticed Kirke
 24971 | D:12     | Killed Kirke
 25344 | D:12     | Found a portal to a secret trove of treasure.
 25371 | D:12     | You paid a toll of 3 potions of resistance to enter a
                  | treasure trove
 25372 | Trove    | Entered a treasure trove
 25395 | Trove    | Found the +10 tower shield of Ignorance {rN+ Int-4}
 25397 | Trove    | Got a pair of distressingly furry boots
 25479 | D:12     | Identified the cursed +0 pair of boots of Honesty {rElec
                  | Str+4 Slay+3} (You found it in a treasure trove)
 25728 | D:12     | Reached skill level 1 in Invocations
 25744 | D:12     | Reached skill level 11 in Polearms
 25941 | D:12     | Found a shattered altar of Ashenzari.
 26496 | D:13     | Learned a level 5 spell: Lightning Bolt
 26505 | D:13     | Reached skill level 12 in Polearms
 26526 | D:13     | Found a runed translucent door.
 26529 | D:13     | Found the +2 shield of Resistance {rF+ rC+ MR+}
 26529 | D:13     | Found a runed translucent door.
 26603 | D:13     | HP: 1/108 [death knight/+3 vorpal battleaxe (6)]
 27389 | D:13     | Got an ichor-stained robe
 27460 | D:13     | Noticed Sonja
 27468 | D:13     | Killed Sonja
 27686 | Lair:1   | Identified the +1 robe of the Knight of Cups {-Tele rPois
                  | MR+++ Dex-3} (You found it on level 13 of the Dungeon)
 27787 | D:14     | Found a runed translucent gate.
 27787 | D:14     | Found a runed translucent gate.
 27787 | D:14     | Found an opulent altar of Gozag.
 27788 | D:14     | Found a runed translucent gate.
 27788 | D:14     | Noticed a vampire knight
 27788 | D:14     | Noticed a frost giant
 27788 | D:14     | Noticed Ipram's ghost (journeyman DEAE)
 27835 | D:14     | Found Ydarovomm's Book Boutique.
 27843 | D:14     | Bought a book of Conjurations for 540 gold pieces
 27853 | D:14     | Reached skill level 13 in Polearms
 28182 | D:14     | Slain by a white ugly thing

Illustrated notes

Levels and vault maps discovered:
D:1:      lightli_arrival_windingriver, layout_basic
D:2:      layout_basic
D:3:      layout_basic, portal_sewer_entry_c
D:4:      layout_cave_pools
D:5:      wad_crossroads, layout_basic, first_ration, nicolae_gozag_seed_capital
D:6:      layout_cave_pods, temple_green, kennysheep_nub, uniq_eustachio
D:7:      layout_basic, tso_metal_star, grunt_livestock, uniq_maggie
D:8:      layout_loops_ring, feat_on_display
D:9:      layout_basic, uniq_erolcha, uniq_harold
D:10:     layout_cave_pools, lair_entry_dummy, minmay_misc_feat_secret_circle
D:11:     layout_roguey, orc_0_dummy, uniq_psyche
D:12:     layout_roguey, basic_altar, enter_trove_0, uniq_kirke
D:13:     layout_layer_cave, minmay_guarded_unrand_resistance, uniq_sonja
D:14:     layout_roguey, ximxim_vaults_locker_room, ebering_ghost_gozag,
          serial_shops, nicolae_shop_waterfront, serial_bayou_pond_c
Temple:   dpeg_three_leaves_temple
Lair:1:   layout_regular_city, hibernation_bobbens, serial_bayou_shore_a,
          uniq_fannar
Lair:2:   layout_regular_city, minmay_swamp_entry_worms, grunt_megastairs_4
Lair:3:   layout_regular_city, serial_bayou_shore_b, uniq_nergalle
Lair:4:   layout_gridlike, spider_nest_entry_web_field,
          ebering_ghost_inner_flame, uniq_snorg
Lair:5:   layout_gridlike
Lair:6:   gammafunk_lair_ancient_temple, layout_gridlike, slime_altar_1,
          zaba_antful_of_joy

Skill      XL: |  1  2  3  4  5  6  7  8  9 10 11 12 13 14 |
---------------+-------------------------------------------+-----
Dodging        | 3 4 5 7 9 10 | 10.0
Ice Magic      | 5 6 7 8 9 10 | 10.0
Spellcasting   | 3 4 6 7 |  7.6
Fighting       | 1 2 3 5 6 8 9 |  9.1
Summonings     | 2 4 6 7 8 |  8.0
Charms         | 2 3 |  3.0
Armour         | 3 4 5 6 7 |  7.6
Conjurations   | 2 5 6 |  6.0
Air Magic      | 2 4 5 6 |  6.0
Poison Magic   | 2 3 |  3.0
Polearms       | 4 8 9 13 | 13.7
Translocations | 1 3 4 |  4.0
Invocations    | 1 |  1.0
Stealth        | |  2.2

Action                   |  1- 3 |  4- 6 |  7- 9 | 10-12 | 13-15 || total
-------------------------+-------+-------+-------+-------+-------++-------
Melee: Unarmed           |    14 |       |       |       |       ||    14
       Dagger            |     8 |       |       |       |       ||     8
       Short sword       |    21 |     1 |       |       |       ||    22
       Hand axe          |     3 |    59 |   159 |   101 |     1 ||   323
       Staff             |       |       |       |    25 |     4 ||    29
       Glaive            |       |       |       |     8 |   350 ||   358
Throw: Dart              |       |       |    20 |    58 |    37 ||   115
       Boomerang         |       |       |     6 |    40 |    17 ||    63
 Cast: Freeze            |    26 |     5 |    49 |   249 |   191 ||   520
       Frozen Ramparts   |     1 |     3 |    13 |    37 |    37 ||    91
       Ozocubu's Armour  |       |     2 |     5 |    27 |    27 ||    61
       Summon Ice Beast  |       |       |     2 |    39 |    53 ||    94
       Mephitic Cloud    |       |       |       |    22 |    13 ||    35
       Summon Lightning  |       |       |       |     7 |    23 ||    30
       Blink             |       |       |       |     2 |    11 ||    13
       Hailstorm         |       |       |       |       |     3 ||     3
Invok: Channel Magic     |       |       |       |     1 |       ||     1
Evoke: Wand              |       |       |       |     3 |     5 ||     8
  Use: Scroll            |       |     3 |     8 |    18 |    17 ||    46
       Potion            |       |       |     3 |     6 |       ||     9
 Stab: Sleeping          |     1 |     6 |    14 |     6 |     5 ||    32
       Confused          |       |       |       |     3 |     7 ||    10
       Distracted        |       |       |       |       |     4 ||     4
  Eat: Chunk             |     2 |     3 |    17 |    24 |    33 ||    79
       Ration            |       |       |     1 |     6 |     4 ||    11
Armor: Robe              |     9 |     7 |    20 |    99 |    81 ||   216
       Leather armour    |       |       |    26 |       |       ||    26
       Skin              |       |       |     3 |       |       ||     3
       Scale mail        |       |       |       |    13 |    19 ||    32
       Ring mail         |       |       |       |       |    72 ||    72
Dodge: Dodged            |    53 |    42 |   121 |   278 |   469 ||   963
Block: Buckler           |       |       |       |    18 |       ||    18
